3100 views
Uploaded 2019-12-28 21:13:51
Game version 1.32.0.4
39:49 long 1on1 ladder game on (2)SwampedTemple
Saved by BEARAND
3100 views
Uploaded 2019-12-28 21:13:51
Game version 1.32.0.4
39:49 long 1on1 ladder game on (2)SwampedTemple

87 units @ 15.1k
/ 3.3k
25 buildings @ 2.9k
/ 1.3k



| Lesser Clarity Potion | 1 | 70 |
| total: | 1 | 70g |
| Peasant | 21 | 1575 | / | 0 |
| Footman | 7 | 945 | / | 0 |
| Rifleman | 8 | 1640 | / | 240 |
| Mortar Team | 21 | 3780 | / | 1470 |
| Flying Machine | 1 | 100 | / | 30 |
| Priest | 5 | 675 | / | 50 |
| Gryphon Rider | 20 | 5600 | / | 1400 |
| Siege Engine | 2 | 390 | / | 120 |
| Forest Troll Shadow Priest | 2 | 390 | / | 20 |
| total: | 87 | 15095g | / | 3330w |
| Altar of Kings | 1 | 180 | / | 50 |
| Farm | 15 | 1200 | / | 300 |
| Barracks | 1 | 160 | / | 60 |
| Arcane Vault | 1 | 130 | / | 30 |
| Blacksmith | 1 | 140 | / | 60 |
| Lumber Mill | 1 | 120 | / | 0 |
| Town Hall | 1 | 385 | / | 205 |
| Arcane Sanctum | 1 | 150 | / | 140 |
| Workshop | 1 | 140 | / | 140 |
| Gryphon Aviary | 2 | 280 | / | 300 |
| Keep | 2 | 640 | / | 420 |
| Castle | 2 | 720 | / | 420 |
| total: | 25 | 2885g | / | 1285w |
| 0:06 | Peasant |
| 0:11 | Altar of Kings |
| 0:13 | Peasant |
| 0:23 | Farm |
| 0:25 | Barracks |
| 0:27 | Peasant |
| 0:48 | Peasant |
| 0:52 | Farm |
| 0:57 | Peasant |
| 1:00 | Peasant |
| 1:26 | Footman |
| 1:30 | Farm |
| 1:43 | Footman |
| 1:50 | Peasant |
| 1:53 | Peasant |
| 2:01 | Farm |
| 2:11 | Footman |
| 2:13 | Peasant |
| 2:14 | Peasant |
| 2:18 | Storm Bolt |
| 2:35 | Footman |
| 2:51 | Arcane Vault |
| 2:55 | Footman |
| 3:10 | Blacksmith |
| 3:35 | Footman |
| 3:50 | Footman |
| 3:58 | Lesser Clarity Potion |
| 4:07 | Lumber Mill |
| 4:23 | Rifleman |
| 4:23 | Rifleman |
| 4:29 | Farm |
| 4:37 | Farm |
| 4:59 | Keep |
| 5:21 | Rifleman |
| 5:21 | Rifleman |
| 5:52 | Thunder Clap |
| 6:02 | Rifleman |
| 6:05 | Black Gunpowder |
| 6:05 | Iron Forged Swords |
| 6:05 | Steel Forged Swords |
| 6:21 | Forest Troll Shadow Priest |
| 6:35 | Rifleman |
| 6:35 | Rifleman |
| 6:42 | Storm Bolt |
| 7:10 | Rifleman |
| 7:16 | Farm |
| 7:24 | Long Rifles |
| 8:00 | Arcane Sanctum |
| 8:04 | Workshop |
| 8:31 | Forest Troll Shadow Priest |
| 8:59 | Holy Light |
| 9:06 | Farm |
| 9:08 | Mortar Team |
| 9:14 | Farm |
| 9:53 | Mortar Team |
| 10:34 | Town Hall |
| 11:19 | Flying Machine |
| 11:21 | Mortar Team |
| 11:21 | Mortar Team |
| 12:19 | Castle |
| 12:23 | Mortar Team |
| 12:23 | Mortar Team |
| 13:17 | Priest |
| 13:17 | Priest |
| 13:17 | Priest |
| 13:19 | Mortar Team |
| 13:20 | Mortar Team |
| 13:24 | Gryphon Aviary |
| 14:03 | Mortar Team |
| 14:03 | Mortar Team |
| 14:14 | Priest |
| 14:15 | Priest Adept Training |
| 14:35 | Improved Lumber Harvesting |
| 14:36 | Advanced Lumber Harvesting |
| 14:40 | Fragmentation Shards |
| 14:51 | Peasant |
| 14:52 | Peasant |
| 14:54 | Gryphon Rider |
| 15:14 | Peasant |
| 16:01 | Summon Water Elemental |
| 16:09 | Peasant |
| 16:38 | Peasant |
| 16:39 | Peasant |
| 17:06 | Storm Hammers |
| 17:07 | Gryphon Rider |
| 17:07 | Gryphon Rider |
| 17:08 | Gryphon Rider |
| 17:08 | Gryphon Rider |
| 17:34 | Studded Leather Armor |
| 17:54 | Gryphon Aviary |
| 18:10 | Gryphon Rider |
| 18:10 | Gryphon Rider |
| 19:07 | Gryphon Rider |
| 19:14 | Gryphon Rider |
| 19:14 | Gryphon Rider |
| 19:19 | Farm |
| 19:20 | Farm |
| 19:22 | Farm |
| 19:23 | Farm |
| 19:31 | Refined Gunpowder |
| 20:18 | Devotion Aura |
| 20:38 | Gryphon Rider |
| 20:39 | Gryphon Rider |
| 20:42 | Reinforced Leather Armor |
| 21:15 | Gryphon Rider |
| 21:19 | Farm |
| 21:54 | Gryphon Rider |
| 21:57 | Gryphon Rider |
| 21:57 | Gryphon Rider |
| 22:17 | Priest |
| 23:45 | Dragonhide Armor |
| 23:45 | Imbued Gunpowder |
| 23:50 | Peasant |
| 23:50 | Peasant |
| 23:51 | Peasant |
| 23:51 | Peasant |
| 23:52 | Peasant |
| 24:32 | Gryphon Rider |
| 24:33 | Gryphon Rider |
| 24:43 | Farm |
| 26:08 | Mithril Forged Swords |
| 26:08 | Iron Plating |
| 26:45 | Gryphon Rider |
| 28:13 | Siege Engine |
| 28:13 | Siege Engine |
| 28:20 | Mortar Team |
| 28:20 | Mortar Team |
| 29:32 | Blizzard |
| 30:23 | Mortar Team |
| 30:23 | Mortar Team |
| 30:23 | Mortar Team |
| 30:43 | Mortar Team |
| 30:43 | Mortar Team |
| 31:55 | Mortar Team |
| 34:05 | Mortar Team |
| 34:05 | Mortar Team |
| 34:05 | Mortar Team |
| 34:08 | Gryphon Rider |
| Right click | 2097 |
| Select group | 689 |
| Select | 561 |
| Chat | 211 |
| Build/train/purchase | 144 |
| Misc. action | 64 |
| Assign group | 46 |
| Use ability | 35 |
| Remove unit | 14 |
| Esc | 1 |
36 units @ 4.2k
/ 0.7k
167 buildings @ 7.4k
/ 4.7k



x1)
| Staff of Sanctuary | 3 | 750 |
| Orb of Fire | 2 | 650 |
| Scroll of Regeneration | 2 | 200 |
| Boots of Speed | 3 | 750 |
| Staff of Teleportation | 3 | 450 |
| Periapt of Vitality | 1 | 325 |
| Tome of Retraining | 1 | 300 |
| total: | 15 | 3425g |
| Peasant | 22 | 1650 | / | 0 |
| Priest | 1 | 135 | / | 10 |
| Dragonhawk Rider | 5 | 1000 | / | 150 |
| Mortar Team | 8 | 1440 | / | 560 |
| total: | 36 | 4225g | / | 720w |
| Scout Tower | 148 | 4440 | / | 2960 |
| Arcane Tower | 14 | 980 | / | 700 |
| Guard Tower | 52 | 3640 | / | 2600 |
| Altar of Kings | 1 | 180 | / | 50 |
| Farm | 4 | 320 | / | 80 |
| Lumber Mill | 1 | 120 | / | 0 |
| Town Hall | 2 | 770 | / | 410 |
| Arcane Vault | 2 | 260 | / | 60 |
| Blacksmith | 1 | 140 | / | 60 |
| Barracks | 1 | 160 | / | 60 |
| Arcane Sanctum | 2 | 300 | / | 280 |
| Gryphon Aviary | 1 | 140 | / | 150 |
| Workshop | 4 | 560 | / | 560 |
| Keep | 1 | 320 | / | 210 |
| Castle | 1 | 360 | / | 210 |
| total: | 167 | 7390g | / | 4670w |
| 0:03 | Peasant |
| 0:03 | Peasant |
| 0:10 | Altar of Kings |
| 0:16 | Peasant |
| 0:19 | Farm |
| 0:29 | Peasant |
| 0:29 | Peasant |
| 0:38 | Scout Tower |
| 0:41 | Farm |
| 0:44 | Peasant |
| 1:04 | Peasant |
| 1:05 | Peasant |
| 1:10 | Scout Tower |
| 1:18 | Scout Tower |
| 1:23 | Lumber Mill |
| 1:34 | Scout Tower |
| 1:38 | Peasant |
| 1:38 | Peasant |
| 1:39 | Peasant |
| 1:41 | Arcane Tower |
| 1:47 | Peasant |
| 2:07 | Peasant |
| 2:07 | Peasant |
| 2:09 | Summon Water Elemental |
| 2:31 | Peasant |
| 2:33 | Guard Tower |
| 2:48 | Guard Tower |
| 2:49 | Scout Tower |
| 2:50 | Peasant |
| 2:50 | Peasant |
| 3:21 | Brilliance Aura |
| 3:25 | Guard Tower |
| 3:26 | Scout Tower |
| 3:27 | Scout Tower |
| 3:48 | Keep |
| 3:51 | Guard Tower |
| 4:37 | Town Hall |
| 4:48 | Scout Tower |
| 4:49 | Scout Tower |
| 4:49 | Scout Tower |
| 4:51 | Scout Tower |
| 5:09 | Boots of Speed |
| 5:09 | Staff of Teleportation |
| 5:18 | Guard Tower |
| 5:20 | Arcane Tower |
| 5:27 | Guard Tower |
| 5:39 | Farm |
| 5:50 | Guard Tower |
| 5:51 | Peasant |
| 5:54 | Scout Tower |
| 5:56 | Peasant |
| 6:01 | Peasant |
| 6:02 | Summon Water Elemental |
| 6:08 | Arcane Vault |
| 6:12 | Improved Lumber Harvesting |
| 6:29 | Scout Tower |
| 6:29 | Guard Tower |
| 6:43 | Staff of Teleportation |
| 6:43 | Boots of Speed |
| 7:01 | Guard Tower |
| 7:17 | Improved Masonry |
| 7:23 | Peasant |
| 7:34 | Castle |
| 7:37 | Scout Tower |
| 7:38 | Scout Tower |
| 7:49 | Arcane Vault |
| 7:54 | Scout Tower |
| 7:55 | Scout Tower |
| 7:55 | Scout Tower |
| 7:57 | Scout Tower |
| 7:59 | Advanced Masonry |
| 8:02 | Storm Bolt |
| 8:08 | Arcane Sanctum |
| 8:12 | Farm |
| 8:33 | Guard Tower |
| 8:34 | Scout Tower |
| 8:35 | Scout Tower |
| 8:35 | Scout Tower |
| 8:35 | Scout Tower |
| 8:36 | Scout Tower |
| 8:38 | Peasant |
| 8:39 | Guard Tower |
| 9:01 | Imbued Masonry |
| 9:03 | Guard Tower |
| 9:18 | Guard Tower |
| 9:19 | Magic Sentry |
| 9:50 | Guard Tower |
| 10:27 | Guard Tower |
| 10:43 | Scout Tower |
| 10:44 | Scout Tower |
| 10:44 | Scout Tower |
| 10:45 | Scout Tower |
| 10:47 | Priest |
| 10:54 | Staff of Sanctuary |
| 10:59 | Orb of Fire |
| 11:07 | Bash |
| 11:36 | Orb of Fire |
| 11:36 | Staff of Sanctuary |
| 11:40 | Holy Light |
| 11:42 | Guard Tower |
| 11:44 | Scout Tower |
| 11:45 | Scout Tower |
| 11:45 | Scout Tower |
| 11:45 | Scout Tower |
| 11:46 | Scout Tower |
| 11:46 | Scout Tower |
| 11:48 | Guard Tower |
| 11:48 | Guard Tower |
| 11:50 | Advanced Lumber Harvesting |
| 12:07 | Periapt of Vitality |
| 12:07 | Boots of Speed |
| 12:08 | Staff of Teleportation |
| 12:08 | Tome of Retraining |
| 12:08 | Retrain Hero |
| 12:11 | Guard Tower |
| 12:20 | Blizzard |
| 12:20 | Brilliance Aura |
| 12:20 | Blizzard |
| 13:08 | Brilliance Aura |
| 13:36 | Staff of Sanctuary |
| 13:57 | Scout Tower |
| 13:58 | Scout Tower |
| 13:58 | Scout Tower |
| 13:59 | Scout Tower |
| 14:00 | Scout Tower |
| 14:45 | Guard Tower |
| 15:15 | Town Hall |
| 15:18 | Scout Tower |
| 15:18 | Scout Tower |
| 15:19 | Scout Tower |
| 15:19 | Scout Tower |
| 15:20 | Scout Tower |
| 15:20 | Scout Tower |
| 15:21 | Scout Tower |
| 15:21 | Scout Tower |
| 15:22 | Scout Tower |
| 15:22 | Scout Tower |
| 15:23 | Scout Tower |
| 15:23 | Scout Tower |
| 15:24 | Scout Tower |
| 15:24 | Scout Tower |
| 15:25 | Scout Tower |
| 15:25 | Scout Tower |
| 15:26 | Scout Tower |
| 15:26 | Scout Tower |
| 15:46 | Divine Shield |
| 15:54 | Guard Tower |
| 15:55 | Arcane Tower |
| 16:02 | Arcane Tower |
| 16:03 | Guard Tower |
| 16:30 | Storm Bolt |
| 17:00 | Arcane Tower |
| 17:01 | Arcane Tower |
| 17:01 | Guard Tower |
| 17:11 | Arcane Tower |
| 17:13 | Scout Tower |
| 17:13 | Scout Tower |
| 17:14 | Scout Tower |
| 17:15 | Scout Tower |
| 17:15 | Scout Tower |
| 17:17 | Guard Tower |
| 17:19 | Scout Tower |
| 17:20 | Scout Tower |
| 17:22 | Scout Tower |
| 17:23 | Scout Tower |
| 17:23 | Scout Tower |
| 17:23 | Scout Tower |
| 17:24 | Scout Tower |
| 17:24 | Scout Tower |
| 17:27 | Scout Tower |
| 17:27 | Scout Tower |
| 17:28 | Scout Tower |
| 17:28 | Scout Tower |
| 17:29 | Scout Tower |
| 17:29 | Scout Tower |
| 17:30 | Scout Tower |
| 17:31 | Scout Tower |
| 17:31 | Scout Tower |
| 17:32 | Scout Tower |
| 18:16 | Guard Tower |
| 18:25 | Guard Tower |
| 18:53 | Guard Tower |
| 18:57 | Guard Tower |
| 19:38 | Guard Tower |
| 19:40 | Guard Tower |
| 19:42 | Scout Tower |
| 19:43 | Scout Tower |
| 19:43 | Scout Tower |
| 19:44 | Scout Tower |
| 19:48 | Scout Tower |
| 19:49 | Scout Tower |
| 19:49 | Scout Tower |
| 19:50 | Scout Tower |
| 19:52 | Scout Tower |
| 19:52 | Scout Tower |
| 19:53 | Scout Tower |
| 19:53 | Scout Tower |
| 19:54 | Scout Tower |
| 19:54 | Scout Tower |
| 19:54 | Scout Tower |
| 19:55 | Scout Tower |
| 19:55 | Scout Tower |
| 19:56 | Scout Tower |
| 19:56 | Scout Tower |
| 19:57 | Scout Tower |
| 20:00 | Scroll of Regeneration |
| 20:16 | Scroll of Regeneration |
| 21:03 | Holy Light |
| 21:23 | Guard Tower |
| 21:37 | Guard Tower |
| 21:45 | Gryphon Aviary |
| 21:45 | Blacksmith |
| 21:47 | Barracks |
| 21:51 | Arcane Tower |
| 21:52 | Arcane Tower |
| 21:53 | Guard Tower |
| 23:06 | Dragonhawk Rider |
| 23:07 | Dragonhawk Rider |
| 23:07 | Dragonhawk Rider |
| 23:38 | Scout Tower |
| 23:38 | Scout Tower |
| 23:39 | Scout Tower |
| 23:39 | Scout Tower |
| 23:40 | Scout Tower |
| 23:41 | Scout Tower |
| 23:42 | Scout Tower |
| 23:42 | Scout Tower |
| 23:43 | Scout Tower |
| 23:43 | Scout Tower |
| 23:44 | Scout Tower |
| 23:46 | Scout Tower |
| 23:47 | Scout Tower |
| 23:47 | Scout Tower |
| 23:48 | Scout Tower |
| 23:48 | Scout Tower |
| 23:49 | Scout Tower |
| 25:30 | Scout Tower |
| 25:31 | Scout Tower |
| 25:31 | Scout Tower |
| 25:32 | Scout Tower |
| 25:44 | Brilliance Aura |
| 25:57 | Scout Tower |
| 25:58 | Scout Tower |
| 25:59 | Scout Tower |
| 26:00 | Scout Tower |
| 26:01 | Scout Tower |
| 26:02 | Scout Tower |
| 26:03 | Scout Tower |
| 26:04 | Scout Tower |
| 26:14 | Arcane Tower |
| 26:15 | Guard Tower |
| 26:15 | Guard Tower |
| 26:16 | Arcane Tower |
| 26:16 | Guard Tower |
| 26:17 | Guard Tower |
| 26:23 | Guard Tower |
| 26:38 | Guard Tower |
| 26:42 | Guard Tower |
| 26:43 | Scout Tower |
| 26:44 | Scout Tower |
| 26:44 | Guard Tower |
| 27:00 | Animal War Training |
| 27:02 | Arcane Tower |
| 27:18 | Guard Tower |
| 28:15 | Bash |
| 28:44 | Guard Tower |
| 28:47 | Studded Leather Armor |
| 30:28 | Reinforced Leather Armor |
| 30:32 | Dragonhawk Rider |
| 30:32 | Dragonhawk Rider |
| 30:33 | Cloud |
| 31:24 | Divine Shield |
| 35:05 | Storm Bolt |
| 35:20 | Holy Light |
| 36:46 | Mass Teleport |
| 37:29 | Black Gunpowder |
| 37:57 | Arcane Sanctum |
| 37:59 | Workshop |
| 38:03 | Workshop |
| 38:15 | Workshop |
| 38:30 | Mortar Team |
| 38:31 | Mortar Team |
| 38:34 | Refined Gunpowder |
| 38:43 | Mortar Team |
| 38:46 | Workshop |
| 39:01 | Mortar Team |
| 39:02 | Mortar Team |
| 39:03 | Mortar Team |
| 39:13 | Mortar Team |
| 39:13 | Mortar Team |
| 39:19 | Scout Tower |
| 39:19 | Scout Tower |
| 39:20 | Scout Tower |
| 39:21 | Scout Tower |
| 39:22 | Scout Tower |
| 39:23 | Scout Tower |
| 39:25 | Scout Tower |
| 39:25 | Scout Tower |
| 39:25 | Scout Tower |
| 39:26 | Scout Tower |
| 39:26 | Scout Tower |
| 39:26 | Scout Tower |
| 39:26 | Scout Tower |
| 39:27 | Scout Tower |
| 39:27 | Scout Tower |
| 39:28 | Scout Tower |
| 39:28 | Scout Tower |
| Right click | 3228 |
| Select | 1018 |
| Select group | 630 |
| Build/train/purchase | 231 |
| Chat | 217 |
| Use ability | 154 |
| Misc. action | 47 |
| Assign group | 36 |
| Item give/drop | 25 |
| Remove unit | 5 |